APP
HELENA BREWERS @ PHILADELPHIA (APP) PHILLIES
05/10/2047
 
TOP OF THE 1ST
Helena Brewers batting - Pitching for Philadelphia (APP) Phillies : LHP Mike Aldrich
Pitching: LHP Mike Aldrich
Batting: RHB Tristan Smeets 0-0: Called Strike
0-1: SINGLE (Line Drive, 8LS, EV 95.0 MPH)
Batting: LHB Tony Hasbun 0-0: Ball
1-0: Ball
2-0: Fly out, F8 (Flyball, 8LS, EV 93.1 MPH)
Batting: RHB Jeremy Harden 0-0: Called Strike
0-1: Ball
1-1: Foul Ball, location: 2F
1-2: Foul Ball, location: 2F
1-2: Ball
2-2: Foul Ball, location: 2F
2-2: DOUBLE (Flyball, 89XD, EV 102.5 MPH)
Tristan Smeets to third
Runner from 3rd tries for Home, SAFE, throw by CF to trailing runner, SAFE at third!
Batting: RHB Chris Fruit 0-0: Called Strike
0-1: Foul Ball, location: 2F
0-2: Ball
1-2: Ball
2-2: Ball
3-2: Fly out, F5 (Line Drive, 5, EV 63.8 MPH)
Batting: LHB Mark Backstrom 0-0: Called Strike
0-1: Called Strike
0-2: Ground out 4-3 (Groundball, 4, EV 106.9 MPH)
Top of the 1st over - 1 run, 2 hits, 0 errors, 1 left on base; Helena 1 - Philadelphia (APP) 0
BOTTOM OF THE 1ST
Philadelphia (APP) Phillies batting - Pitching for Helena Brewers : LHP Mike Moffett
Pitching: LHP Mike Moffett
Batting: LHB Jonathan Roman 0-0: Ball
1-0: Called Strike
1-1: Swinging Strike
1-2: Ball
2-2: Strikes out swinging
Batting: RHB Mike Bell 0-0: Called Strike
0-1: Ball
1-1: DOUBLE (Flyball, 8LXD, EV 92.5 MPH) - OUT at third base trying to stretch hit.
Batting: RHB Guan-pei Gao 0-0: Ball
1-0: Ball
2-0: Ball
3-0: Base on Balls
Batting: RHB Zach Slot 0-0: Foul Ball, location: 2F
0-1: Swinging Strike
0-2: Ball
1-2: Strikes out swinging
Bottom of the 1st over - 0 runs, 1 hit, 0 errors, 1 left on base; Helena 1 - Philadelphia (APP) 0
TOP OF THE 2ND
Helena Brewers batting - Pitching for Philadelphia (APP) Phillies : LHP Mike Aldrich
Batting: RHB Tony Beaumond 0-0: Ground out U3 (Groundball, 3, EV 80.0 MPH)
Batting: LHB Greg Reedy 0-0: Swinging Strike
0-1: Ball
1-1: Ball
2-1: Ball
3-1: Fly out, F7 (Flyball, 7, EV 90.6 MPH)
Batting: LHB Alex Chairez 0-0: Called Strike
0-1: Ground out 5-3 (Groundball, 56, EV 95.0 MPH)
Top of the 2nd over - 0 runs, 0 hits, 0 errors, 0 left on base; Helena 1 - Philadelphia (APP) 0
BOTTOM OF THE 2ND
Philadelphia (APP) Phillies batting - Pitching for Helena Brewers : LHP Mike Moffett
Batting: RHB Victor Arias 0-0: Ball
1-0: Ball
2-0: Swinging Strike
2-1: Called Strike
2-2: Strikes out swinging
Batting: RHB Lee Wright 0-0: Fly out, F4 (Line Drive, 4M, EV 70.6 MPH)
Batting: RHB Allen Deschamps 0-0: Ball
1-0: Ground out 5-3 (Groundball, 15, EV 86.9 MPH)
Bottom of the 2nd over - 0 runs, 0 hits, 0 errors, 0 left on base; Helena 1 - Philadelphia (APP) 0
TOP OF THE 3RD
Helena Brewers batting - Pitching for Philadelphia (APP) Phillies : LHP Mike Aldrich
Batting: RHB Jesus Menjivar 0-0: Ball
1-0: Foul Ball, location: 2F
1-1: Foul Ball, location: 2F
1-2: Ball
2-2: Ball
3-2: Foul Ball, location: 2F
3-2: Foul Ball, location: 2F
3-2: Foul Ball, location: 2F
3-2: TRIPLE (Flyball, 78XD, EV 91.2 MPH)
Batting: RHB Tristan Smeets 0-0: Foul Ball, location: 2F
0-1: Ball
1-1: Ball
2-1: Ball
3-1: Foul Ball, location: 2F
3-2: SINGLE (Flyball, 4D, EV 95.0 MPH)
Jesus Menjivar scores
Batting: LHB Tony Hasbun 0-0: Ball
1-0: Foul Ball, location: 2F
1-1: Ball
2-1: Ground out 4-3 (Groundball, 34, EV 93.8 MPH)
Tristan Smeets to second
Batting: RHB Jeremy Harden 0-0: Ball
1-0: Foul Ball, location: 2F
1-1: Foul Ball, location: 2F
1-2: SINGLE (Line Drive, 7S, EV 108.8 MPH)
Tristan Smeets to third
Batting: RHB Chris Fruit 0-0: Ball
1-0: Ball
2-0: Ball
3-0: Base on Balls
Jeremy Harden to second
Batting: LHB Mark Backstrom 0-0: SINGLE (Groundball, 4MD, EV 100.6 MPH)
Tristan Smeets scores
Jeremy Harden to third
Chris Fruit to second
Batting: RHB Tony Beaumond 0-0: Ball
1-0: Swinging Strike
1-1: Ball
2-1: Ball
3-1: Fly out, F1 (Line Drive, P, EV 67.5 MPH)
Lined into DP, 1-3 (Line Drive, P, EV 68.1 MPH)
Top of the 3rd over - 2 runs, 4 hits, 0 errors, 2 left on base; Helena 3 - Philadelphia (APP) 0
BOTTOM OF THE 3RD
Philadelphia (APP) Phillies batting - Pitching for Helena Brewers : LHP Mike Moffett
Batting: LHB Emilio Ortez 0-0: Swinging Strike
0-1: Ball
1-1: Called Strike
1-2: Fly out, F7 (Flyball, 7S, EV 81.9 MPH)
Batting: LHB Jesse Haught 0-0: Called Strike
0-1: Ball
1-1: Swinging Strike
1-2: Strikes out swinging
Batting: LHB Jonathan Roman 0-0: Ball
1-0: Foul Ball, location: 2F
1-1: Foul Ball, location: 2F
1-2: Ball
2-2: Fly out, F9 (Flyball, 9LM, EV 78.8 MPH)
Bottom of the 3rd over - 0 runs, 0 hits, 0 errors, 0 left on base; Helena 3 - Philadelphia (APP) 0
TOP OF THE 4TH
Helena Brewers batting - Pitching for Philadelphia (APP) Phillies : LHP Mike Aldrich
Batting: LHB Greg Reedy 0-0: Called Strike
0-1: Ball
1-1: Ball
2-1: Foul Ball, location: 2F
2-2: Strikes out swinging
Batting: LHB Alex Chairez 0-0: Called Strike
0-1: Ground out 6-3 (Groundball, 6, EV 86.9 MPH)
Batting: RHB Jesus Menjivar 0-0: Called Strike
0-1: Ball
1-1: Ball
2-1: Ball
3-1: Base on Balls
Batting: RHB Tristan Smeets 0-0: Swinging Strike
0-1: Reaches on Catchers interference
Jesus Menjivar to second
Batting: LHB Tony Hasbun 0-0: Called Strike
0-1: TRIPLE (Flyball, 89XD, EV 93.1 MPH)
Jesus Menjivar scores
Tristan Smeets scores
Pitching: RHP Lance Brisson
Batting: RHB Jeremy Harden 0-0: Foul Ball, location: 2F
0-1: Called Strike
0-2: Foul Ball, location: 2F
0-2: Foul Ball, location: 2F
0-2: Ball
1-2: Ball
2-2: DOUBLE (Line Drive, 89M, EV 101.9 MPH)
Tony Hasbun scores
Batting: RHB Chris Fruit 0-0: Swinging Strike
0-1: Called Strike
0-2: Foul Ball, location: 2F
0-2: Ball
1-2: Ground out 1-3 (Groundball, 15S, EV 76.2 MPH)
Top of the 4th over - 3 runs, 2 hits, 1 error, 1 left on base; Helena 6 - Philadelphia (APP) 0
BOTTOM OF THE 4TH
Philadelphia (APP) Phillies batting - Pitching for Helena Brewers : LHP Mike Moffett
Batting: RHB Mike Bell 0-0: Called Strike
0-1: Ball
1-1: Called Strike
1-2: Strikes out swinging, 2-3 out at first.
Batting: RHB Guan-pei Gao 0-0: Ball
1-0: Ball
2-0: Swinging Strike
2-1: Swinging Strike
2-2: Foul Ball, location: 2F
2-2: Strikes out looking
Batting: RHB Zach Slot 0-0: Swinging Strike
0-1: Ball
1-1: Ball
2-1: SINGLE (Groundball, 6MD, EV 103.8 MPH)
Batting: RHB Victor Arias 0-0: Called Strike
0-1: Foul Ball, location: 2F
0-2: Ball
1-2: Ball
2-2: Foul Ball, location: 2F
2-2: SINGLE (Groundball, 6M, EV 106.2 MPH) (infield hit)
Zach Slot to second
Batting: RHB Lee Wright 0-0: SINGLE (Groundball, 6MS, EV 71.9 MPH) (infield hit)
Zach Slot to third
Victor Arias to second
Batting: RHB Allen Deschamps 0-0: Ball
Wild Pitch!
Zach Slot scores
Victor Arias to third
Lee Wright to second
1-0: Ground out 5-3 (Groundball, 56S, EV 82.5 MPH)
Bottom of the 4th over - 1 run, 3 hits, 0 errors, 2 left on base; Helena 6 - Philadelphia (APP) 1
TOP OF THE 5TH
Helena Brewers batting - Pitching for Philadelphia (APP) Phillies : RHP Lance Brisson
Batting: LHB Mark Backstrom 0-0: Swinging Strike
0-1: SOLO HOME RUN (Flyball, 9D, EV 90.0 MPH), Distance : 347 ft
Batting: RHB Tony Beaumond 0-0: Foul Ball, location: 2F
0-1: Ball
1-1: Ball
2-1: Ball
3-1: Foul Ball, location: 2F
3-2: Base on Balls
Batting: LHB Greg Reedy 0-0: Ball
1-0: Called Strike
1-1: Ball
2-1: Foul Ball, location: 2F
2-2: Ball
3-2: Foul Ball, location: 2F
3-2: Base on Balls
Tony Beaumond to second
Pitching: RHP David Oviedo
Batting: LHB Alex Chairez 0-0: Called Strike
0-1: Ball
1-1: Ball
2-1: Foul Ball, location: 2F
2-2: Ball
3-2: Foul Ball, location: 2F
3-2: Strikes out swinging
Batting: RHB Jesus Menjivar 0-0: Called Strike
0-1: DOUBLE (Flyball, 78XD, EV 91.9 MPH)
Tony Beaumond scores
Greg Reedy to third
Batting: RHB Tristan Smeets 0-0: Ball
1-0: Ball
2-0: Foul Ball, location: 2F
2-1: Ground out U3 (Groundball, 3S, EV 85.6 MPH)
Batting: LHB Tony Hasbun 0-0: Foul Ball, location: 2F
0-1: SINGLE (Line Drive, 89S, EV 95.6 MPH)
Greg Reedy scores
Jesus Menjivar to third
Runner from 3rd tries for Home, SAFE, throw by RF to home
Batting: RHB Jeremy Harden 0-0: Called Strike
0-1: Ball
1-1: Ball
2-1: Foul Ball, location: 2F
2-2: Ball
3-2: Foul Ball, location: 2F
3-2: Foul Ball, location: 2F
3-2: DOUBLE (Line Drive, 9LS, EV 100.0 MPH)
Tony Hasbun to third
Tony Hasbun scores
Batting: RHB Chris Fruit 0-0: Ball
1-0: Called Strike
1-1: Ball
2-1: Foul Ball, location: 2F
2-2: Ball
3-2: Strikes out swinging
Top of the 5th over - 5 runs, 4 hits, 0 errors, 1 left on base; Helena 11 - Philadelphia (APP) 1
BOTTOM OF THE 5TH
Philadelphia (APP) Phillies batting - Pitching for Helena Brewers : LHP Mike Moffett
Batting: LHB Emilio Ortez 0-0: Fly out, F8 (Line Drive, 8RS, EV 91.9 MPH)
Batting: LHB Jesse Haught 0-0: Ball
1-0: Called Strike
1-1: Called Strike
1-2: Foul Ball, location: 2F
1-2: Strikes out looking
Batting: LHB Jonathan Roman 0-0: Foul Ball, location: 2F
0-1: Ball
1-1: Swinging Strike
1-2: Ground out 3-1 (Groundball, 34, EV 87.5 MPH)
Bottom of the 5th over - 0 runs, 0 hits, 0 errors, 0 left on base; Helena 11 - Philadelphia (APP) 1
TOP OF THE 6TH
Helena Brewers batting - Pitching for Philadelphia (APP) Phillies : RHP David Oviedo
Batting: LHB Mark Backstrom 0-0: Foul Ball, location: 2F
0-1: Foul Ball, location: 2F
0-2: Strikes out swinging
Batting: RHB Tony Beaumond 0-0: Ball
1-0: Ball
2-0: Ball
3-0: Called Strike
3-1: Base on Balls
Batting: LHB Greg Reedy 0-0: Ball
1-0: Ball
Wild Pitch!
Tony Beaumond to second
2-0: Ball
3-0: Base on Balls
Pitching: RHP Alec Guglielmo
Batting: LHB Alex Chairez 0-0: Ball
1-0: Ground out U3 (Groundball, 3S, EV 60.6 MPH)
Tony Beaumond to third
Greg Reedy to second
Batting: RHB Jesus Menjivar 0-0: Ball
Wild Pitch!
Tony Beaumond scores
Greg Reedy to third
1-0: SINGLE (Line Drive, 6D, EV 99.4 MPH)
Greg Reedy scores
Batting: RHB Tristan Smeets 0-0: Ball
1-0: SINGLE (Line Drive, 6D, EV 97.5 MPH)
Jesus Menjivar to second
Batting: LHB Tony Hasbun 0-0: Ball
1-0: Fly out, F8 (Flyball, 89D, EV 91.9 MPH)
Top of the 6th over - 2 runs, 2 hits, 0 errors, 2 left on base; Helena 13 - Philadelphia (APP) 1
BOTTOM OF THE 6TH
Philadelphia (APP) Phillies batting - Pitching for Helena Brewers : LHP Mike Moffett
Batting: RHB Mike Bell 0-0: Called Strike
0-1: Swinging Strike
0-2: Strikes out swinging
Batting: RHB Guan-pei Gao 0-0: Foul Ball, location: 2F
0-1: Swinging Strike
0-2: SINGLE (Line Drive, 78S, EV 106.2 MPH)
Batting: RHB Zach Slot 0-0: Ball
Passed Ball!
Guan-pei Gao to second
1-0: Ball
2-0: DOUBLE (Line Drive, 78D, EV 105.6 MPH)
Guan-pei Gao scores
Batting: RHB Victor Arias 0-0: Foul Ball, location: 2F
0-1: Called Strike
0-2: Strikes out looking
Batting: RHB Lee Wright 0-0: Called Strike
0-1: SINGLE (Groundball, 6S, EV 71.2 MPH) (infield hit)
Zach Slot to third
Batting: RHB Allen Deschamps 0-0: Foul Ball, location: 2F
0-1: DOUBLE (Line Drive, 5D, EV 105.6 MPH)
Zach Slot scores
Lee Wright to third
Batting: LHB Emilio Ortez 0-0: Foul Ball, location: 2F
0-1: Swinging Strike
0-2: Strikes out swinging
Bottom of the 6th over - 2 runs, 4 hits, 0 errors, 2 left on base; Helena 13 - Philadelphia (APP) 3
TOP OF THE 7TH
Helena Brewers batting - Pitching for Philadelphia (APP) Phillies : RHP Alec Guglielmo
Batting: RHB Jeremy Harden 0-0: Swinging Strike
0-1: Ball
1-1: Ground out 6-3 (Groundball, P, EV 78.8 MPH)
Batting: RHB Chris Fruit 0-0: Ball
1-0: Ball
2-0: Ball
3-0: Base on Balls
Pinch Hitting: LHB Steven Donovan 0-0: Ball
1-0: Ball
2-0: Fly out, F7 (Line Drive, 78M, EV 99.4 MPH)
Batting: RHB Tony Beaumond 0-0: Called Strike
0-1: Ball
1-1: Foul Ball, location: 2F
1-2: Ball
2-2: Ground out 5-3 (Groundball, 56S, EV 65.0 MPH)
Top of the 7th over - 0 runs, 0 hits, 0 errors, 1 left on base; Helena 13 - Philadelphia (APP) 3
BOTTOM OF THE 7TH
Philadelphia (APP) Phillies batting - Pitching for Helena Brewers : LHP Mike Moffett
Now in RF: Steven Donovan
Batting: LHB Jesse Haught 0-0: Ball
1-0: Called Strike
1-1: Foul Ball, location: 2F
1-2: Ball
2-2: Foul Ball, location: 2F
2-2: Ball
3-2: Strikes out looking
Batting: LHB Jonathan Roman 0-0: Swinging Strike
0-1: Swinging Strike
0-2: Strikes out swinging
Batting: RHB Mike Bell 0-0: Foul Ball, location: 2F
0-1: Swinging Strike
0-2: Ball
1-2: Ball
2-2: Strikes out looking
Bottom of the 7th over - 0 runs, 0 hits, 0 errors, 0 left on base; Helena 13 - Philadelphia (APP) 3
TOP OF THE 8TH
Helena Brewers batting - Pitching for Philadelphia (APP) Phillies : RHP Alec Guglielmo
Batting: LHB Greg Reedy 0-0: Called Strike
0-1: Swinging Strike
0-2: Ball
1-2: Foul Ball, location: 2F
1-2: Strikes out looking
Batting: LHB Alex Chairez 0-0: Called Strike
0-1: Foul Ball, location: 2F
0-2: Foul Ball, location: 2F
0-2: Strikes out swinging
Batting: RHB Jesus Menjivar 0-0: Ball
1-0: Swinging Strike
1-1: Fly out, F8 (Flyball, 8RD, EV 103.8 MPH)
Top of the 8th over - 0 runs, 0 hits, 0 errors, 0 left on base; Helena 13 - Philadelphia (APP) 3
BOTTOM OF THE 8TH
Philadelphia (APP) Phillies batting - Pitching for Helena Brewers : LHP Mike Moffett
Batting: RHB Guan-pei Gao 0-0: Ball
1-0: Called Strike
1-1: Ground out 5-3 (Groundball, 5, EV 83.1 MPH)
Batting: RHB Zach Slot 0-0: Ball
1-0: Ball
2-0: Ball
3-0: Called Strike
3-1: Foul Ball, location: 2F
3-2: Base on Balls
Batting: RHB Victor Arias 0-0: SINGLE (Flyball, 56D, EV 83.1 MPH)
Zach Slot to second
Pitching: RHP Julian Urbina
Batting: RHB Lee Wright 0-0: Ball
1-0: Swinging Strike
1-1: Grounds into double play, 6-4-3 (Groundball, 6, EV 93.8 MPH)
Bottom of the 8th over - 0 runs, 1 hit, 0 errors, 1 left on base; Helena 13 - Philadelphia (APP) 3
TOP OF THE 9TH
Helena Brewers batting - Pitching for Philadelphia (APP) Phillies : RHP Alec Guglielmo
Batting: RHB Tristan Smeets 0-0: Ball
1-0: Ball
2-0: Ground out 4-3 (Groundball, 4, EV 93.1 MPH)
Batting: LHB Tony Hasbun 0-0: Swinging Strike
0-1: Ball
1-1: Swinging Strike
1-2: Ball
2-2: Ball
3-2: Strikes out swinging, 2-3 out at first.
Batting: RHB Jeremy Harden 0-0: Ball
1-0: Ball
2-0: Ball
3-0: Called Strike
3-1: Base on Balls
Batting: RHB Chris Fruit 0-0: Called Strike
0-1: Ball
1-1: Ball
2-1: SINGLE (Flyball, 56D, EV 93.1 MPH)
Jeremy Harden to second
Pitching: RHP Ramon Mena
Batting: LHB Steven Donovan 0-0: Ball
1-0: Called Strike
1-1: Ball
2-1: Ball
3-1: Base on Balls
Jeremy Harden to third
Chris Fruit to second
Batting: RHB Tony Beaumond 0-0: Called Strike
0-1: Foul Ball, location: 2F
0-2: Ball
1-2: Foul Ball, location: 2F
1-2: SINGLE (Groundball, 6M, EV 96.9 MPH) (infield hit)
Jeremy Harden scores
Chris Fruit to third
Steven Donovan to second
Batting: LHB Greg Reedy 0-0: Foul Ball, location: 2F
0-1: Ball
1-1: Ball
2-1: Called Strike
2-2: Strikes out swinging
Top of the 9th over - 1 run, 2 hits, 0 errors, 3 left on base; Helena 14 - Philadelphia (APP) 3
BOTTOM OF THE 9TH
Philadelphia (APP) Phillies batting - Pitching for Helena Brewers : RHP Julian Urbina
Batting: RHB Allen Deschamps 0-0: Swinging Strike
0-1: Called Strike
0-2: Foul Ball, location: 2F
0-2: Ball
1-2: Strikes out swinging
Batting: LHB Emilio Ortez 0-0: Ball
1-0: Fly out, F1 (Popup, 15, EV 88.8 MPH)
Batting: LHB Jesse Haught 0-0: Ball
1-0: Called Strike
1-1: Ball
2-1: Called Strike
2-2: Ball
3-2: Base on Balls
Batting: LHB Jonathan Roman 0-0: Called Strike
0-1: Called Strike
0-2: Ball
1-2: Ball
2-2: Foul Ball, location: 2F
2-2: Foul Ball, location: 2F
2-2: Ball
3-2: Fly out, F9 (Flyball, 89S, EV 81.9 MPH)
Bottom of the 9th over - 0 runs, 0 hits, 0 errors, 1 left on base; Helena 14 - Philadelphia (APP) 3
Thursday, December 15th , 2022 - OOTP Baseball 23.9 Build 102